 Dungeon Crawl Stone Soup version 0.30-a0-802-gb92711bcdf (webtiles) character file.

Game seed: 6777876326339483113

51 Pimp the Trooper (level 3, 0/33 HPs)
             Began as a Hill Orc Fighter on Feb 23, 2023.
             Frozen to death by an endoplasm (4 damage)
             ... on level 2 of the Dungeon on Feb 24, 2023.
             The game lasted 00:02:32 (1196 turns).

Pimp the Trooper (Hill Orc Fighter)                 Turns: 1196, Time: 00:02:33

Health: 0/33       AC:  7    Str: 20    XL:     3   Next: 81%
Magic:  3/3        EV:  9    Int:  8    God:
Gold:   123        SH:  4    Dex: 10    Spells: 2/2 levels left

rFire   . . .      SeeInvis .    a - +0 long sword
rCold   . . .      Faith    .    c - +0 buckler
rNeg    . . .      Spirit   .    b - +0 scale mail
rPois   .          Reflect  .    (no helmet)
rElec   .          Harm     .    (no cloak)
rCorr   .          Rampage  .    (no gloves)
Will    .....                    (no boots) Stlth
                                 (no amulet)
HPRegen 0.25/turn                (no ring)
MPRegen 0.08/turn                (no ring)

@: lethally poisoned (0 -> -3)
A: no striking features
a: no special abilities


You were on level 2 of the Dungeon.
You visited 1 branch of the dungeon, and saw 2 of its levels.

You collected 123 gold pieces.

Inventory:

Hand Weapons
 a - a +0 long sword (weapon)
Armour
 b - a +0 scale mail (worn)
 c - a +0 buckler (worn)
Scrolls
 h - 2 scrolls of magic mapping {unknown}
 i - a scroll of noise {unknown}
 j - a scroll of enchant armour {unknown}
Potions
 d - a potion of might
 e - 2 potions of heal wounds {unknown}
 f - a potion of magic {unknown}
 g - 2 potions of curing {unknown}
 k - a potion of attraction {unknown}


   Skills:
 + Level 4.2 Fighting
 + Level 2.8 Long Blades
 + Level 3.8 Armour
 + Level 3.8 Shields


You had 2 spell levels left.
You didn't know any spells.
Your spell library contained the following spells:

 Spells                   Type           Power      Damage    Failure   Level
 Animate Dead             Necr           0%         N/A       100%        4
 Haunt                    Necr/Summ      0%         N/A       100%        7
 Infestation              Necr           0%         N/A       100%        8


Dungeon Overview and Level Annotations

Branches:
Dungeon (2/15)

Altars:


Message History

You feel sick.
You feel sick.
You feel sick. The adder barely misses you.
You barely miss the adder.
The adder is heavily wounded.
You feel sick. The adder barely misses you.
The endoplasm hits you but does no damage.
You closely miss the adder.
The adder is heavily wounded.
You feel sick.
You are no longer poisoned.
The adder bites you.
* * * LOW HITPOINT WARNING * * *
The endoplasm barely misses you. The adder closely misses you.
The adder attacks as you move away! The adder bites you.
* * * LOW HITPOINT WARNING * * *
The endoplasm attacks as you move away!
The endoplasm hits you but does no damage.
The adder attacks as you move away! You block the adder's attack.
The endoplasm attacks as you move away! The endoplasm barely misses you.
The adder attacks as you move away! The adder bites you but does no damage.
The adder barely misses you. The adder attacks as you move away!
The adder bites you but does no damage. The adder attacks as you move away!
The adder closely misses you. The adder bites you but does no damage.
The endoplasm attacks as you move away! You block the endoplasm's attack.
You barely miss the adder.
The adder is moderately wounded.
The adder bites you but does no damage. x2
The endoplasm hits you but does no damage.
The endoplasm jiggles.
The adder attacks as you move away! The adder bites you.
* * * LOW HITPOINT WARNING * * *
You are poisoned.
The adder poisons you!
You feel sick. The adder bites you but does no damage.
Okay, then.
You feel sick. The endoplasm freezes you.
You are frozen.
You die...

.....#.............#
....##.............#
...................# ... .
...................# .. .
.).................# .. .
......#............# .##.
......#............# ###### #...
...................# #....# #...
................@S.## #....# #...
...............#.J..###....###...
....#..........##...##...........
...##..........##................
...#...........##................
####.............................
####...............###...........
...#...............###....†......
)..#...........###...............


You could see an adder and an endoplasm.

Vanquished Creatures
  An adder (D:2)
  6 bats
  5 endoplasms
  4 giant cockroaches
  4 goblins (D:1)
  4 hobgoblins
  A kobold (D:1)
  3 quokkas
  2 ball pythons
  6 rats
36 creatures vanquished.

Notes
Turn   | Place    | Note
-------+----------+-------------------------------------------
     0 | D:1      | Pimp the Hill Orc Fighter began the quest for the Orb.
     0 | D:1      | Reached XP level 1. HP: 19/19 MP: 1/1
   244 | D:1      | Reached XP level 2. HP: 27/27 MP: 2/2
   458 | D:1      | Reached skill level 4 in Fighting
   603 | D:1      | Reached XP level 3. HP: 33/33 MP: 3/3
  1196 | D:2      | Frozen to death by an endoplasm

Illustrated notes

Levels and vault maps discovered:
D:1:      saegor_arrival_under_anarchy, layout_basic
D:2:      layout_basic

Skill      XL: |  1  2 |
---------------+-------+-----
Fighting       | 4 |  4.2
Long Blades    | |  2.8
Armour         | |  3.8
Shields        | |  3.8

Action                     || total
---------------------------++-------
  Melee: Long sword        ||   141
 Armour: Scale mail        ||   137
  Dodge: Dodged            ||   120
  Block: Buckler           ||    54

Table legend: (Time is in decaauts)
 A = Elapsed time spent in this place.
 B = Non-inter-level travel time spent in this place.
 C = Inter-level travel time spent in this place.
 D = Time resting spent in this place.
 E = Time spent auto-exploring this place.
 F = Levels seen in this place.
 G = Mean time per level.
                   A        B        C        D        E       F      G
               +--------+--------+--------+--------+--------+-----+--------+
         Total |   1240 |   1210 |     30 |      2 |    755 |   2 |  620.0 |
       Dungeon |   1240 |   1210 |     30 |      2 |    755 |   2 |  620.0 |
               +--------+--------+--------+--------+--------+-----+--------+

Top non-repeatable levels by time:
     D:1: 927 daAuts
     D:2: 312 daAuts
